 Dungeon Crawl Stone Soup version 0.21-a0-352-g5b8f553 (webtiles) character file.

524 tof the Cleaver (level 7, -7/62 HPs)
             Began as a Hill Orc Monk on Oct 10, 2017.
             Was a Follower of Okawaru.
             Mangled by 4thArraOfDagon's ghost (9 damage)
             ... on level 5 of the Dungeon.
             The game lasted 00:08:34 (5424 turns).

tof the Cleaver (Hill Orc Monk)                     Turns: 5424, Time: 00:08:35

Health: -7/62      AC:  7    Str: 16    XL:     7   Next: 22%
Magic:  7/7        EV: 10    Int: 10    God:    Okawaru [*.....]
Gold:   228        SH:  0    Dex: 13    Spells: 6/6 levels left

rFire    + . .     SeeInvis .   a - +0 hand axe
rCold    x . .     Gourm    +   (no shield)
rNeg     . . .     Faith    .   e - +0 scale mail
rPois    .         Spirit   .   (no helmet)
rElec    .         Reflect  .   (no cloak)
rCorr    .         Harm     .   (no gloves)
MR       .....                  (no boots)
Stlth    ..........             z - amulet of the gourmand
HPRegen  0.20/turn              B - ring of fire
MPRegen  0.10/turn              y - ring of loudness (curse)

@: no status effects
A: no striking features
a: Heroism, Renounce Religion


You were on level 5 of the Dungeon.
You worshipped Okawaru.
Okawaru was aware of your devotion.
You were not hungry.

You visited 1 branch of the dungeon, and saw 5 of its levels.

You collected 228 gold pieces.

Inventory:

Hand Weapons
 a - a +0 hand axe (weapon)
Armour
 b - a +0 robe
 e - a +0 scale mail (worn)
Jewellery
 x - an uncursed ring of wizardry
 y - a cursed ring of loudness (right hand)
 z - an amulet of the gourmand (around neck)
 B - a ring of fire (left hand)
Wands
 m - a wand of paralysis (9/24)
 n - a wand of polymorph (9/24)
 o - a wand of acid (5/15)
Scrolls
 d - 3 scrolls of magic mapping {unknown}
 f - a scroll of amnesia {unknown}
 g - 4 scrolls of blinking {unknown}
 i - 2 scrolls of enchant armour {unknown}
 l - 2 scrolls of immolation {unknown}
 p - a scroll of fog {unknown}
 q - 4 scrolls of identify {unknown}
 u - a scroll of remove curse {unknown}
 v - a scroll of noise {unknown}
Potions
 h - 2 potions of curing {unknown}
 j - 3 potions of mutation {unknown}
 r - a potion of cancellation {unknown}
 s - 2 potions of brilliance {unknown}
 w - a potion of agility {unknown}
 A - a potion of haste {unknown}
Comestibles
 c - 2 bread rations
 k - a meat ration
 t - 4 royal jellies


   Skills:
 + Level 5.7 Fighting
 * Level 8.0 Axes
 + Level 3.7 Armour
 - Level 2.4 Dodging
 - Level 1.5 Stealth


You had 6 spell levels left.
You didn't know any spells.

Dungeon Overview and Level Annotations

Branches:
Dungeon (5/15)
 Temple: D:4-7

Altars:
Elyvilon
Gozag
Okawaru
Xom

Annotations:
D:5 4thArraOfDagon's ghost, novice GnMo


Message History

You hit 4thArraOfDagon's ghost but do no damage. 4thArraOfDagon's ghost is severely damaged. 4thArraOfDagon's ghost barely misses you.
You hit 4thArraOfDagon's ghost but do no damage. 4thArraOfDagon's ghost is severely damaged. 4thArraOfDagon's ghost hits you.
* * * LOW HITPOINT WARNING * * *
You hit 4thArraOfDagon's ghost. 4thArraOfDagon's ghost is almost destroyed.
Your scale mail prevents you from hitting 4thArraOfDagon's ghost. 4thArraOfDagon's ghost is almost destroyed. 4thArraOfDagon's ghost barely misses you.
You hit 4thArraOfDagon's ghost but do no damage. 4thArraOfDagon's ghost is almost destroyed. 4thArraOfDagon's ghost hits you!
* * * LOW HITPOINT WARNING * * *
You hit 4thArraOfDagon's ghost but do no damage. 4thArraOfDagon's ghost is almost destroyed. 4thArraOfDagon's ghost hits you!
You die...

' #.. #.....# .#
#....######.....##.#
......W@..#........##
#########.#.........
#.........#........#
#.#########........# #.#
#.....#...# #.#
#####.##..#...# #.#
#.............# #.#
#....########.#####
#.####....#..8..#.......


You could see 4thArraOfDagon's ghost.

Vanquished Creatures
  2 phantoms (D:4)
  A scorpion (D:4)
  A bullfrog skeleton (D:4)
  A gnoll shaman (D:4)
  Jessica (D:2)
  An orc wizard (D:4)
  A worker ant (D:4)
  5 gnolls
  4 adders
  An ooze (D:4)
  A worm (D:3)
  3 leopard geckos
  4 orcs
  8 bats
  2 giant cockroaches (D:2)
  7 goblins
  7 hobgoblins
  3 jackals (D:2)
  8 kobolds
  2 quokkas
  3 ball pythons
  6 frilled lizards
  A giant cockroach zombie (D:5)
  A quokka skeleton (D:5)
  14 rats
88 creatures vanquished.

Notes
Turn   | Place    | Note
-------+----------+-------------------------------------------
     0 | D:1      | tof the Hill Orc Monk began the quest for the Orb.
     0 | D:1      | Reached XP level 1. HP: 19/19 MP: 1/1
   293 | D:1      | Reached XP level 2. HP: 18/27 MP: 2/2
   539 | D:1      | Reached skill level 1 in Armour
   681 | D:1      | Reached XP level 3. HP: 31/33 MP: 3/3
  1093 | D:2      | Noticed Jessica
  1100 | D:2      | Reached skill level 5 in Axes
  1111 | D:2      | Killed Jessica
  1111 | D:2      | Reached XP level 4. HP: 24/40 MP: 4/4
  1844 | D:2      | Found a faded altar of an unknown god.
  2546 | D:3      | Found an opulent altar of Gozag.
  2552 | D:3      | Found a glowing golden altar of the Shining One.
  2552 | D:3      | Found a shimmering altar of Xom.
  2554 | D:3      | Found a white marble altar of Elyvilon.
  2554 | D:3      | Found an opulent altar of Gozag.
  2554 | D:3      | Found a white marble altar of Elyvilon.
  3009 | D:4      | Reached XP level 5. HP: 44/47 MP: 5/5
  3041 | D:3      | Reached skill level 6 in Axes
  3939 | D:4      | Reached skill level 5 in Fighting
  3939 | D:4      | Reached XP level 6. HP: 26/56 MP: 6/6
  4183 | D:4      | Reached skill level 7 in Axes
  4283 | D:4      | Noticed a phantom
  4326 | D:4      | Killed a phantom
  4504 | D:4      | Noticed a phantom
  4821 | D:4      | Killed a phantom
  4821 | D:4      | Reached XP level 7. HP: 39/61 MP: 7/7
  5200 | D:4      | Found an opulent altar of Gozag.
  5253 | D:5      | Entered Level 5 of the Dungeon
  5310 | D:5      | Reached skill level 8 in Axes
  5312 | D:5      | Found an iron altar of Okawaru.
  5324 | D:5      | Became a worshipper of Warmaster Okawaru
  5324 | D:5      | Reached * piety under Okawaru
  5324 | D:5      | Reached ** piety under Okawaru
  5389 | D:5      | Noticed 4thArraOfDagon's ghost (novice GnMo)
  5423 | D:5      | HP: 2/62 [4thArraOfDagon's ghost (8)]
  5424 | D:5      | Mangled by 4thArraOfDagon's ghost

Vault maps used:
D:1:      scummos_arrival_star
D:2:      chequers_ecumenical_altar_twisty, chequers_big_river,
          minmay_misc_feat_four_crosses, uniq_jessica
D:3:      first_bread, doesnt_xom_only_xom
D:4:      kennysheep_mini_moat
D:5:      kennysheep_okawaru_gauntlet, minmay_temple_entry_fiery, uniq_ijyb

Skill      XL: |  1  2  3  4  5  6  7 |
---------------+----------------------+-----
Armour         | 1 2 3 |  3.7
Fighting       | 4 5 |  5.7
Axes           | 5 6 7 8 |  8.0
Dodging        | |  2.4
Stealth        | |  1.5

Action                   |  1- 3 |  4- 6 |  7- 9 || total
-------------------------+-------+-------+-------++-------
Melee: Hand axe          |    89 |   272 |    49 ||   410
       Unarmed           |     7 |    12 |       ||    19
Invok: Heroism           |       |       |     1 ||     1
 Stab: Sleeping          |     1 |       |       ||     1
  Eat: Chunk             |     1 |    11 |     3 ||    15
       Fruit             |       |     1 |       ||     1
Armor: Scale mail        |    46 |    96 |    15 ||   157
       Robe              |     2 |       |       ||     2
       Skin              |     1 |     7 |       ||     8
Dodge: Dodged            |    55 |   177 |    27 ||   259

Table legend:
 A = Spawn XP
 B = Non-spawn XP
 C = Spawn XP percentage of total XP
 D = Spawn monster count
 E = Non-spawn monster count
 F = Spawn count percentage of total count
 G = Total turns spent on level
                    A         B        C        D         E        F      G
               +---------+---------+-------+---------+---------+-------+---------
         Total |       0 |     749 |   0.0 |       0 |      88 |   0.0 |  5424
               +---------+---------+-------+---------+---------+-------+---------
           D:1 |       0 |      42 |   0.0 |       0 |      22 |   0.0 |   968
           D:2 |       0 |      72 |   0.0 |       0 |      22 |   0.0 |  1092
           D:3 |       0 |      72 |   0.0 |       0 |      22 |   0.0 |  1565
           D:4 |       0 |     558 |   0.0 |       0 |      19 |   0.0 |  1628
           D:5 |       0 |       5 |   0.0 |       0 |       3 |   0.0 |   171
               +---------+---------+-------+---------+---------+-------+---------
